 Dungeon Crawl Stone Soup version 0.31-a0-216-g22e908daa7 (webtiles) character file.

Game seed: 2602391548116359436

781 qw the Chopper (level 7, -2/44 HPs)
             Began as a Gargoyle Fighter on July 2, 2023.
             Was a Follower of Okawaru.
             Slain by Duvessa
             ... wielding a +0 short sword
              (6 damage)
             ... on level 5 of the Dungeon.
             The game lasted 00:02:05 (3507 turns).

qw the Chopper (Gargoyle Fighter)                   Turns: 3507, Time: 00:02:05

Health: -2/44      AC: 13    Str: 22    XL:     7   Next: 85%
Magic:  6/8        EV: 10    Int:  8    God:    Okawaru [*.....]
Gold:   141        SH:  4    Dex:  9    Spells: 6/6 levels left

rFire   . . .        Y - +0 war axe (venom)
rCold   . . .        c - +0 buckler
rNeg    + . .        f - +3 ring mail of Kindness {+Blink rPois Will- SInv}
rPois   inf          (no helmet)
rElec   +            (no cloak)
rCorr   .            (no gloves)
SInv    +            (no boots)
Will    .....        (no amulet) Stlth
                     (no ring)
HPRegen 0.27/turn    (no ring)
MPRegen 0.11/turn

%: no passive effects
@: about to teleport
A: sickness immunity, AC +4, negative energy resistance 1, electricity
resistance, torment resistance 1, petrification resistance
a: Renounce Religion, Evoke Blink, Heroism


You were on level 5 of the Dungeon.
You worshipped Okawaru.
Okawaru was aware of your devotion.
You visited 1 branch of the dungeon, and saw 5 of its levels.

You collected 252 gold pieces.
You spent 111 gold pieces at shops.


Innate Abilities, Weirdness & Mutations

You are immune to sickness and miasma.
Your stone body is resilient. (AC +4)
You are immune to poison.
You resist negative energy. (rN+)
You are resistant to electric shocks. (rElec)
You are resistant to unholy torment.
You are immune to petrification.


   Skills:
 + Level 4.8 Fighting
 - Level 7.0 Axes
 - Level 3.2 Armour
 - Level 1.0 Dodging
 - Level 3.2 Shields
 + Level 1.7 Invocations


You had 6 spell levels left.
You didn't know any spells.
Your spell library was empty.

Inventory:

Hand Weapons
 s - a +0 flail of holy wrath
 Y - a +0 war axe of venom (weapon)
Missiles
 r - 3 boomerangs (quivered)
Armour
 b - a +0 scale mail
 c - a +0 buckler (worn)
 f - the +3 ring mail of Kindness (worn) {+Blink rPois Will- SInv}
   (You found it on level 3 of the Dungeon)

   rPois:     It protects you from poison.
   SInv:      It lets you see invisible.
   +Blink:    It lets you blink.
   Will:      It decreases your willpower.
 l - a +0 cloak
 o - a scarf of invisibility
 q - a +0 plate armour
Jewellery
 k - an amulet of guardian spirit
Scrolls
 a - a scroll of identify
 n - a scroll of revelation {unknown}
 p - a scroll of teleportation
Potions
 d - a potion of might
 e - 7 potions of curing
 g - 2 potions of lignification
 h - a potion of haste
 i - a potion of magic
 j - a potion of heal wounds
 m - a potion of enlightenment

Dungeon Overview and Level Annotations

Branches:
Dungeon (5/15)
 Temple: D:4-7

Altars:
Hepliaklqana
Okawaru
Qazlal
Ru

Shops:
D:3 !*([(   D:5 *

Annotations:
D:5 Duvessa


Message History

Dowan says, "Stay away from my face!"
You block Dowan's attack.
Duvessa, Sister of Dowan comes into view.
She is wielding a +0 short sword.
You hit Dowan.
Dowan is poisoned.
Dowan is moderately wounded.
Dowan barely misses you.
You hit Dowan.
Dowan is heavily wounded.
Dowan completely misses you.
You hit Dowan.
Dowan looks as sick as possible!
Dowan is severely wounded.
Dowan gestures wildly while chanting.
Dowan blinks!
Found a tubular golden ring.
You barely miss Duvessa.
You kill Dowan!
Okawaru accepts your kill.
Duvessa weeps, and shakes her weapon.
Duvessa goes berserk!
Duvessa hits you with a +0 short sword! x2
You slash Duvessa!
Duvessa is poisoned.
Duvessa is moderately wounded.
Duvessa barely misses you.
You slash Duvessa!
Duvessa looks as sick as possible!
Duvessa is moderately wounded.
Duvessa hits you with a +0 short sword. Duvessa hits you but does no damage.
You slash Duvessa!
Duvessa looks as sick as possible!
Duvessa is severely wounded.
Duvessa hits you but does no damage.
You barely miss Duvessa.
Duvessa is severely wounded.
Duvessa misses you.
You slash Duvessa!
Duvessa is almost dead.
You feel like a meek peon again. Duvessa hits you but does no damage.
Duvessa hits you with a +0 short sword!
3507 ||| READING 2 scrolls of teleportation.
As you read the scroll of teleportation, it crumbles to dust.
You feel strangely unstable. Duvessa hits you with a +0 short sword.
You die...

#
###...#..#.......#############'
## ##.########.....# #. .#
#.........#.....# ########. .#
#########.#+######## .........
.# =............# ......... .#
.....).......# ......... ##
.............# .........
.............# .........
.....>e@.)...# .........
....#+...###'###........ .
+...##8.8##......##
############
#..##.....##.......
...........#
#..##8.....8##.#.#..
...........#
#.##.........###.#..
...........#
#.#8.........8##.#..
...........#
#.+...........'..#..
...........# #8.........8#..#..


You could see Duvessa (berserk, fast, extremely poisoned).

Vanquished Creatures
  3 ogres
  2 scorpions (D:5)
  Dowan (D:5)
  3 orc priests
  Ijyb (D:4)
  2 iguanas (D:4)
  4 gnolls (D:4)
  3 adders
  2 ufetubi (D:4)
  2 worms (D:2)
  A dart slug (D:2)
  11 orcs
  7 endoplasms
  2 giant cockroaches
  14 goblins
  8 hobgoblins
  8 jackals
  4 quokkas
  4 ball pythons
  9 bats
  4 frilled lizards
  6 kobolds
  4 rats
105 creatures vanquished.

Notes
Turn   | Place    | Note
-------+----------+-------------------------------------------
     0 | D:1      | qw the Gargoyle Fighter began the quest for the Orb.
     0 | D:1      | Reached XP level 1. HP: 14/14 MP: 1/1
     0 | D:1      | 0 ||| qw: Version: 0.3-a-39-g4513739
     0 | D:1      | 0 ||| qw: Game counter: 7873
     0 | D:1      | 0 ||| qw: Melee chars always use a shield: true
     0 | D:1      | 0 ||| qw: God list: Okawaru
     0 | D:1      | 0 ||| qw: Allow faded altars: false
     0 | D:1      | 0 ||| qw: Do Orc after clearing Dungeon:15 true
     0 | D:1      | 0 ||| qw: Do second Lair branch before Depths: true
     0 | D:1      | 0 ||| qw: Lair rune preference: random
     0 | D:1      | 0 ||| qw: Goals: Normal, Zot:1-4, Slime:5, God:TSO, Crypt,
                  | Tomb, Abyss, Pan, Hells, Win
     0 | D:1      | 0 ||| PLANNING D:1-11
    43 | D:1      | Reached skill level 2 in Axes
    78 | D:1      | 78 ||| Stepping ~*~*~tactically~*~*~ (stealth).
   170 | D:1      | Reached XP level 2. HP: 19/19 MP: 2/2
   188 | D:1      | 188 ||| Stepping ~*~*~tactically~*~*~ (stealth).
   215 | D:1      | 215 ||| Stepping ~*~*~tactically~*~*~ (stealth).
   260 | D:1      | 260 ||| Stepping ~*~*~tactically~*~*~ (stealth).
   282 | D:1      | Reached skill level 3 in Axes
   456 | D:1      | Found a faded altar of an unknown god.
   482 | D:1      | Reached XP level 3. HP: 23/23 MP: 3/3
   612 | D:1      | 612 ||| READING 3 scrolls labelled KEXTAP UT GEFY.
   613 | D:1      | 613 ||| READING scroll labelled SAENOA ITUYMM.
   614 | D:1      | 614 ||| READING scroll labelled DOFIWN JUAKIGY.
   615 | D:1      | 615 ||| READING 2 scrolls of identify.
   615 | D:1      | 615 ||| IDENTIFYING bubbling emerald potion
   719 | D:2      | 719 ||| Stepping ~*~*~tactically~*~*~ (stealth).
   732 | D:2      | 732 ||| Stepping ~*~*~tactically~*~*~ (hiding).
   734 | D:2      | 734 ||| Stepping ~*~*~tactically~*~*~ (hiding).
   735 | D:2      | 735 ||| Stepping ~*~*~tactically~*~*~ (hiding).
  1100 | D:2      | 1100 ||| Stepping ~*~*~tactically~*~*~ (stealth).
  1209 | D:2      | 1209 ||| Stepping ~*~*~tactically~*~*~ (stealth).
  1210 | D:2      | 1210 ||| Stepping ~*~*~tactically~*~*~ (stealth).
  1275 | D:2      | Reached XP level 4. HP: 28/28 MP: 4/4
  1459 | D:2      | 1459 ||| READING scroll labelled IQIMOU GESU.
  1462 | D:2      | 1462 ||| READING 3 scrolls labelled CUMMAA MEEZE.
  1463 | D:2      | 1463 ||| DRINKING 2 green potions.
  1464 | D:2      | 1464 ||| READING 2 scrolls of identify.
  1464 | D:2      | 1464 ||| IDENTIFYING purple potion
  1465 | D:2      | 1465 ||| DROPPING potion of brilliance.
  1466 | D:2      | 1466 ||| DROPPING 2 scrolls of poison.
  1496 | D:3      | Found Ziepypi's Distillery.
  1498 | D:3      | Identified the +3 ring mail of Kindness {+Blink rPois Will-
                  | SInv}
  1507 | D:3      | 1507 ||| BUYING potion of curing (36 gold).
  1507 | D:3      | Bought a potion of curing for 36 gold pieces
  1507 | D:3      | 1507 ||| BUYING potion of curing (36 gold).
  1507 | D:3      | Bought a potion of curing for 36 gold pieces
  1507 | D:3      | 1507 ||| SHOPLISTING potion of haste (120 gold, have 30).
  1507 | D:3      | 1507 ||| SHOPLISTING potion of lignification (36 gold, have
                  | 30).
  1682 | D:3      | Found Nackiwn's Antique Armour Shoppe.
  1694 | D:3      | 1694 ||| SHOPLISTING embroidered scarf (192 gold, have 56).
  1694 | D:3      | 1694 ||| SHOPLISTING faintly humming helmet (228 gold, have
                  | 56).
  1694 | D:3      | 1694 ||| SHOPLISTING glowing troll leather armour (432
                  | gold, have 56).
  1694 | D:3      | 1694 ||| SHOPLISTING plate armour (552 gold, have 56).
  1723 | D:3      | Found Kiesuboss's Weapon Shop.
  1747 | D:3      | Found Qiufoc's General Store.
  1755 | D:3      | 1755 ||| SHOPLISTING +0 chain mail (58 gold, have 56).
  1755 | D:3      | 1755 ||| SHOPLISTING +0 plate armour of cold resistance
                  | (390 gold, have 56).
  1755 | D:3      | 1755 ||| SHOPLISTING +2 cloak of stealth (279 gold, have
                  | 56).
  1755 | D:3      | 1755 ||| BUYING potion of curing (39 gold).
  1755 | D:3      | Bought a potion of curing for 39 gold pieces
  1755 | D:3      | 1755 ||| SHOPLISTING potion of haste (130 gold, have 17).
  1755 | D:3      | 1755 ||| SHOPLISTING potion of lignification (39 gold, have
                  | 17).
  1866 | D:3      | Found Odix's Weapon Shoppe.
  1874 | D:3      | 1874 ||| SHOPLISTING +0 war axe of draining (116 gold, have
                  | 34).
  1973 | D:3      | Reached skill level 4 in Axes
  1979 | D:3      | 1979 ||| Stepping ~*~*~tactically~*~*~ (stealth).
  2010 | D:3      | 2010 ||| Stepping ~*~*~tactically~*~*~ (hiding).
  2018 | D:3      | Reached XP level 5. HP: 28/32 MP: 5/5
  2109 | D:3      | 2109 ||| UPGRADING to +3 ring mail of Kindness {+Blink
                  | rPois Will- SInv}.
  2119 | D:3      | 2119 ||| READING scroll labelled PACOEGH LEAGG.
  2120 | D:3      | 2120 ||| READING scroll labelled HEACE MISK.
  2121 | D:3      | 2121 ||| READING scroll labelled YHUC UZALERYM.
  2122 | D:3      | 2122 ||| DRINKING 2 red potions.
  2206 | D:4      | Reached skill level 5 in Axes
  2256 | D:4      | 2256 ||| DROPPING +0 mace.
  2283 | D:4      | 2283 ||| FLEEEEING.
  2309 | D:4      | Reached skill level 1 in Dodging
  2372 | D:4      | Found a sacrificial altar of Ru.
  2385 | D:4      | Found a stormy altar of Qazlal.
  2389 | D:4      | Found an iron altar of Okawaru.
  2389 | D:4      | Found a hazy altar of Hepliaklqana.
  2390 | D:4      | 2390 ||| PLANNING OKAWARU WORSHIP
  2390 | D:4      | 2390 ||| READING 2 scrolls of identify.
  2390 | D:4      | 2390 ||| IDENTIFYING fuming emerald potion
  2394 | D:4      | Became a worshipper of Warmaster Okawaru
  2395 | D:4      | 2395 ||| PLANNING D:1-11
  2441 | D:4      | Reached XP level 6. HP: 36/38 MP: 6/6
  2511 | D:4      | 2511 ||| Stepping ~*~*~tactically~*~*~ (stealth).
  2567 | D:4      | 2567 ||| Stepping ~*~*~tactically~*~*~ (stealth).
  2568 | D:4      | 2568 ||| Stepping ~*~*~tactically~*~*~ (stealth).
  2699 | D:4      | 2699 ||| Stepping ~*~*~tactically~*~*~ (stealth).
  2700 | D:4      | 2700 ||| Stepping ~*~*~tactically~*~*~ (hiding).
  2701 | D:4      | 2701 ||| Stepping ~*~*~tactically~*~*~ (hiding).
  2702 | D:4      | 2702 ||| Stepping ~*~*~tactically~*~*~ (hiding).
  2722 | D:4      | 2722 ||| FLEEEEING.
  2723 | D:4      | 2723 ||| FLEEEEING.
  2724 | D:4      | 2724 ||| FLEEEEING.
  2725 | D:4      | 2725 ||| FLEEEEING.
  2726 | D:4      | 2726 ||| FLEEEEING.
  2727 | D:4      | 2727 ||| FLEEEEING.
  2728 | D:4      | 2728 ||| FLEEEEING.
  2760 | D:4      | Noticed Ijyb
  2774 | D:4      | Killed Ijyb
  2775 | D:4      | Reached skill level 6 in Axes
  2932 | D:4      | 2932 ||| READING scroll labelled KAWUNE ENTEIX.
  2933 | D:4      | 2933 ||| READING 3 scrolls of identify.
  2933 | D:4      | 2933 ||| IDENTIFYING pink potion
  2934 | D:4      | 2934 ||| READING 2 scrolls of identify.
  2934 | D:4      | 2934 ||| IDENTIFYING smoky white potion
  2954 | D:5      | Entered Level 5 of the Dungeon
  2989 | D:5      | Reached XP level 7. HP: 43/43 MP: 7/7
  2993 | D:5      | Reached * piety under Okawaru
  3176 | D:5      | 3176 ||| INVOKING Heroism.
  3185 | D:5      | Reached skill level 7 in Axes
  3387 | D:5      | 3387 ||| FLEEEEING.
  3388 | D:5      | 3388 ||| FLEEEEING.
  3390 | D:5      | 3390 ||| FLEEEEING.
  3391 | D:5      | 3391 ||| FLEEEEING.
  3392 | D:5      | 3392 ||| FLEEEEING.
  3393 | D:5      | 3393 ||| FLEEEEING.
  3394 | D:5      | 3394 ||| FLEEEEING.
  3395 | D:5      | 3395 ||| FLEEEEING.
  3427 | D:5      | 3427 ||| DROPPING +0 flail.
  3452 | D:5      | Found Zibyeh's Assorted Antiques.
  3458 | D:5      | Reached skill level 1 in Invocations
  3489 | D:5      | Noticed Dowan
  3490 | D:5      | 3490 ||| INVOKING Heroism.
  3496 | D:5      | Noticed Duvessa
  3501 | D:5      | Killed Dowan
  3506 | D:5      | HP: 4/44 [Duvessa/+0 short sword (11)]
  3507 | D:5      | 3507 ||| READING 2 scrolls of teleportation.
  3507 | D:5      | Slain by Duvessa

Levels and vault maps discovered:
D:1:      matt_arrival_los_fun, layout_basic,
          hellmonk_ecumenical_altar_crossroads
D:2:      minmay_spotlight, layout_loops_ring
D:3:      layout_loops_cross, serial_shops, shop, nicolae_square_shop,
          nicolae_shop_crystal, nicolae_shop_just_a_little_nook, shop,
          kennysheep_crisscross
D:4:      kennysheep_the_goblin_king, layout_rooms,
          nicolae_ru_the_path_less_chosen,
          chequers_temple_overflow_statue_of_worship, hangedman_decor_points,
          corexii_shack, minmay_misc_feat_rows
D:5:      layout_basic, minmay_temple_entry_statues, serial_shops,
          nicolae_inconvenience_store, dk_noncrumbling_4,
          dilly_guarded_unrand_devastator, uniq_duvessa

Skill      XL: |  1  2  3  4  5  6  7 |
---------------+----------------------+-----
Axes           | 2 3 4 5 6 7 |  7.0
Dodging        | 1 |  1.0
Fighting       | 4 |  4.8
Invocations    | 1 |  1.7
Armour         | |  3.2
Shields        | |  3.2

Action                     |  1- 3 |  4- 6 |  7- 9 || total
---------------------------+-------+-------+-------++-------
  Melee: War axe           |   115 |   127 |    41 ||   283
         Unarmed           |       |     8 |       ||     8
  Throw: Boomerang         |       |       |     7 ||     7
 Invoke: Heroism           |       |       |     2 ||     2
    Use: Scroll            |     4 |    10 |     1 ||    15
         Potion            |       |     2 |       ||     2
 Armour: Scale mail        |    55 |    11 |       ||    66
         Ring mail         |       |    38 |    16 ||    54
  Dodge: Dodged            |    58 |    61 |    16 ||   135
  Block: Buckler           |    26 |    26 |     6 ||    58

Table legend:
 A = Non-vault XP
 B = Vault XP
 C = Vault XP percentage of total XP
 D = Non-vault monster count
 E = Vault monster count
 F = Vault count percentage of total count
                 A         B        C        D         E       F
            +---------+---------+-------+---------+---------+-------
      Total |     993 |     124 |  11.1 |      92 |      13 |  12.4
            +---------+---------+-------+---------+---------+-------
        D:1 |      40 |       0 |   0.0 |      24 |       0 |   0.0
        D:2 |      39 |       5 |  11.4 |      19 |       4 |  17.4
        D:3 |     118 |       0 |   0.0 |      12 |       0 |   0.0
        D:4 |     359 |      50 |  12.2 |      24 |       8 |  25.0
        D:5 |     437 |      69 |  13.6 |      13 |       1 |   7.1
            +---------+---------+-------+---------+---------+-------
